 Dungeon Crawl Stone Soup version 0.28.0-1-gb440e238dd (webtiles) character file.

Game seed: 54740850175110690

98 fragbeetle the Changer (level 4, -1/35 HPs)
             Began as a Draconian Transmuter on Feb 25, 2022.
             Slain by an ogre (14 damage)
             ... on level 3 of the Dungeon.
             The game lasted 00:03:12 (2966 turns).

fragbeetle the Changer (Draconian Transmuter)       Turns: 2966, Time: 00:03:12

Health: -1/35      AC:  5    Str: 14    XL:     4   Next: 44%
Magic:  6/7        EV: 12    Int: 14    God:
Gold:   153        SH:  0    Dex: 11    Spells: 3/7 levels left

rFire   . . .      SeeInvis .     - Unarmed
rCold   . . .      Faith    .   (no shield)
rNeg    . . .      Spirit   .   (armour unavailable)
rPois   .          Reflect  .   (helmet currently unavailable)
rElec   .          Harm     .   (no cloak)
rCorr   .          Rampage  .   (no gloves)
Will    .....                   (boots currently unavailable)
Stlth   +.........              (no amulet)
HPRegen 0.11/turn               (no ring)
MPRegen 0.10/turn               (no ring)

@: appendages
A: horns 2, talons 2, AC +5, unfitting armour, cold-blooded
a: End Transformation


You were on level 3 of the Dungeon.
You had temporarily grown beastly horns and talons.
You visited 1 branch of the dungeon, and saw 4 of its levels.

You collected 153 gold pieces.

Inventory:

Jewellery
 i - a +4 ring of protection
Scrolls
 a - 2 scrolls of identify {unknown}
 c - 2 scrolls of enchant armour {unknown}
 e - 2 scrolls of teleportation {unknown}
 g - 2 scrolls of fear {unknown}
 h - a scroll of magic mapping {unknown}
 j - 2 scrolls of immolation {unknown}
Potions
 b - a potion of flight {unknown}
 d - a potion of mutation {unknown}
 f - 3 potions of curing {unknown}


   Skills:
 - Level 1.1 Fighting
 - Level 1.7 Dodging
 - Level 3.1 Unarmed Combat
 - Level 2.0 Spellcasting
 + Level 4.4 Transmutations
 + Level 1.0 Poison Magic


You had 3 spell levels left.
You knew the following spells:

 Your Spells              Type           Power      Damage    Failure   Level
a - Beastly Appendage     Tmut           26%        N/A       3%          1
b - Spider Form           Tmut/Pois      9%         N/A       24%         3

Your spell library contained the following spells:

 Spells                   Type           Power      Damage    Failure   Level
 Wereblood                Tmut           13%        N/A       6%          2
 Ice Form                 Ice/Tmut       7%         N/A       67%         4


Dungeon Overview and Level Annotations

Branches:
Dungeon (4/15)
 Temple: D:4-7

Altars:
Yredelemnul

Shops:
D:2 *   D:3 =


Innate Abilities, Weirdness & Mutations

You have temporarily grown beastly horns and talons.
Your plain brown scales are hard. (AC +5)
You cannot fit into any form of body armour.
You are cold-blooded and may be slowed by cold attacks.


Message History

The jackal is heavily wounded.
The jackal bites you but does no damage.
The jackal closely misses you.
You hit the jackal.
The jackal is almost dead.
The jackal bites you but does no damage.
You hit the jackal.
You kill the jackal!
Your Poison Magic skill increases to level 1!
No target in view!
No target in view!
(D) Dungeon
Where to? (Enter - D:4, ? - help)
You climb downwards.
The jackal bites you but does no damage.
The iguana barely misses you. The jackal misses you.
The ogre closely misses you. The endoplasm closely misses you.
The iguana barely misses you.
There is a stone staircase leading up here.
The jackal misses you. The endoplasm closely misses you.
The ogre completely misses you. The iguana closely misses you.
The jackal barely misses you.
You climb upwards.
There is a stone staircase leading down here.
You grow a pair of large bovine horns.
Your feet morph into talons.
The iguana closely misses you.
The ogre hits you with a +0 giant spiked club!!
Ouch! That really hurt!
You hit the ogre. You headbutt the ogre.
The ogre is lightly wounded.
The iguana misses you.
You hit the ogre. Your kick misses the ogre.
You tail-slap the ogre, but do no damage.
The ogre is lightly wounded.
The ogre closely misses you.
The iguana bites you but does no damage.
You hit the ogre. You claw the ogre.
Your tail-slap misses the ogre.
The ogre is moderately wounded.
The ogre hits you with a +0 giant spiked club!
You die...

##)##.######..# ############
##............# #..........#
#####.##.####.# #.########.#
.........# #.# #.# #.#####
#...####.# #.# #.#### #......
#.### #.# #.####....# #.###.# #.#
##.## #.....).#.# #.# #.. #.#
#...########[...# #.###.# #.#
#.......hO@lJ#)## ##...## #.#
#...##########.########.### #.#
##### #....<............... #.#
#.######......^...### #.#
#####.######..#..####.##.
#.#######.............#..####.##.
#......##.###.#####............#.
#..###.##.# #.# #.#.#..##......
#..# #.##.# #.# #.#.#..........


You could see an ogre, an iguana, an endoplasm and a jackal.

Vanquished Creatures
  2 adders
  A worm (D:2)
  3 dart slugs
  9 orcs (D:3)
  7 ball pythons
  4 endoplasms
  2 giant cockroaches
  2 goblins
  7 hobgoblins
  3 jackals
  5 kobolds
  2 quokkas
  5 bats
  5 frilled lizards
  3 rats
60 creatures vanquished.

Notes
Turn   | Place    | Note
-------+----------+-------------------------------------------
     0 | D:1      | fragbeetle the Draconian Transmuter began the quest for the
                  | Orb.
     0 | D:1      | Reached XP level 1. HP: 16/16 MP: 3/3
   227 | D:1      | Reached XP level 2. HP: 22/23 MP: 3/5
   781 | D:1      | Reached skill level 3 in Transmutations
  1021 | D:2      | Reached XP level 3. HP: 16/28 MP: 4/6
  1462 | D:2      | Found Xairit's Assorted Antiques.
  1687 | D:2      | Found a faded altar of an unknown god.
  1755 | D:2      | Reached skill level 4 in Transmutations
  1791 | D:2      | Found a basalt altar of Yredelemnul.
  2010 | D:3      | Reached XP level 4. HP: 33/35 MP: 5/7
  2016 | D:3      | Learned a level 3 spell: Spider Form
  2046 | D:3      | Found Foogumn's Jewellery Shop.
  2944 | D:4      | Noticed an ogre
  2959 | D:3      | Reached skill level 1 in Poison Magic
  2966 | D:3      | Slain by an ogre

Illustrated notes

Levels and vault maps discovered:
D:1:      dpeg_arrival_short_road, layout_rooms, minmay_door_square,
          hangedman_feature_mirror, minivault_27, st_stairs_11,
          minmay_misc_feat_iff, chequers_serial_rivers_room_a,
          serial_bayou_ford_a
D:2:      layout_loops_ring, serial_shops, shop,
          shapermc_ecumenical_altar_mp_vishouse, basic_altar
D:3:      layout_loops_ring, serial_shops, shop
D:4:      layout_layer_cave

Skill      XL: |  1  2  3  4 |
---------------+-------------+-----
Transmutations | 3 4 |  4.4
Poison Magic   | 1 |  1.0
Fighting       | |  1.1
Dodging        | |  1.7
Unarmed Combat | |  3.1
Spellcasting   | |  2.0

Action                   |  1- 3 |  4- 6 || total
-------------------------+-------+-------++-------
Melee: Unarmed           |   111 |    57 ||   168
       Kick              |    25 |    11 ||    36
       Tailslap          |     5 |     6 ||    11
       Headbutt          |     8 |     6 ||    14
       Punch             |     4 |     3 ||     7
 Cast: Beastly Appendage |    28 |    10 ||    38
Armor: Skin              |    29 |    34 ||    63
Dodge: Dodged            |    68 |    58 ||   126
